 Dungeon Crawl Stone Soup version 0.19-b1-5-gdc9fa9d (webtiles) character file.

98 pichaelthompson the Chucker (level 4, 0/42 HPs)
             Began as a Troll Hunter on Oct 31, 2016.
             Was an Initiate of Qazlal.
             Slain by Ijyb
             ... wielding a +0 club
              (9 damage)
             ... on level 3 of the Dungeon.
             The game lasted 00:13:22 (2597 turns).

pichaelthompson the Chucker (Troll Hunter)          Turns: 2597, Time: 00:13:23

Health: 0/42       AC:  5    Str: 20    XL:     4   Next: 43%
Magic:  3/3        EV:  9    Int:  7    God:    Qazlal [......]
Gold:   97         SH:  0    Dex: 11    Spells: 0 memorised, 3 levels left

rFire  . . .     SeeInvis .     q - +0 rapier
rCold  . . .     Gourm    +     b - +0 robe
rNeg   . . .     Faith    .     (no shield)
rPois  .         Spirit   .     (helmet restricted)
rElec  .         Reflect  .     (no cloak)
rCorr  .         Harm     .     (gloves unavailable)
MR     .....                    (boots unavailable)
Stlth  ++........               (no amulet)
                                (no ring)
                                h - ring of stealth

@: heavily drained
A: unfitting armour, claws 3, fast metabolism 3, gourmand, regeneration 1,
shaggy fur 1, tough skin 2
a: Renounce Religion


You were on level 3 of the Dungeon.
You worshipped Qazlal.
Qazlal was noncommittal.
You were not hungry.

You visited 1 branch of the dungeon, and saw 3 of its levels.

You collected 97 gold pieces.

Inventory:

Hand Weapons
 a - a +0 short sword
 q - a +0 rapier (weapon)
 s - a +1 whip of draining
Missiles
 d - a throwing net (quivered)
Armour
 b - a +0 robe (worn)
Jewellery
 h - a ring of stealth (left claw)
 o - an uncursed ring of see invisible {unknown}
Scrolls
 g - a scroll of amnesia {unknown}
 i - a scroll of identify {unknown}
 j - a scroll of magic mapping {unknown}
 l - a scroll of teleportation {unknown}
 m - a scroll of remove curse {unknown}
 r - a scroll of immolation {unknown}
Potions
 e - a potion of cancellation {unknown}
 k - a potion of flight {unknown}
 n - a potion of resistance {unknown}
Comestibles
 f - a bread ration
 p - a meat ration


   Skills:
 + Level 1.8(0.7) Fighting
 + Level 1.0(0.0) Short Blades
 + Level 4.7(3.5) Throwing
 + Level 2.1(1.0) Dodging
 + Level 0.3(0.0) Stealth


You had 3 spell levels left.
You didn't know any spells.

Dungeon Overview and Level Annotations

Branches:
Dungeon (3/15)

Altars:
Qazlal
Trog

Annotations:
D:3 Grinder, Ijyb


Innate Abilities, Weirdness & Mutations

You are too large for most types of armour.
You have claws for hands.
Your metabolism is lightning-fast.
You like to eat raw meat.
Your natural rate of healing is unusually fast.
You are covered in fur. (AC +1)
You have very tough skin. (AC +2)


Message History

Ijyb hits you but does no damage. Grinder gestures at you.
You shrug off the repeated paralysis!
You can move again.
Ijyb hits you with a club!
* * * LOW HITPOINT WARNING * * *
Ijyb hits you but does no damage.
Grinder blinks!
Ijyb hits you with a club.
* * * LOW HITPOINT WARNING * * *
Ijyb rages.
You closely miss Ijyb. Ijyb closely misses you.
Ijyb hits you but does no damage.
You hit Ijyb.
Ijyb is lightly wounded.
Ijyb hits you with a club.
* * * LOW HITPOINT WARNING * * *
You closely miss Ijyb.
Ijyb is lightly wounded.
Ijyb closely misses you. Ijyb hits you with a club!
You die...

.. 5# .#
#####.######
#..........(
#.#.########
#.#.# #.#g#
#(#@# #.#.#
#(#.# #.#..
#.### #.#
#(# #(# #.#
# #.# #.# #


You could see Ijyb (berserk).

Vanquished Creatures
  Jessica (D:2)
  Natasha (D:3)
  A dart slug (D:2)
  3 leopard geckos (D:1)
  An orc (D:2)
  4 bats
  2 giant cockroaches (D:2)
  6 goblins
  7 hobgoblins
  A quokka (D:2)
  A ball python (D:2)
  3 frilled lizards
  2 kobolds
  6 rats
39 creatures vanquished.

Notes
Turn   | Place    | Note
-------+----------+-------------------------------------------
     0 | D:1      | pichaelthompson the Troll Hunter began the quest for the Orb.
     0 | D:1      | Reached XP level 1. HP: 19/19 MP: 0/0
   230 | D:1      | Reached XP level 2. HP: 27/27 MP: 1/1
   571 | D:1      | Reached skill level 4 in Throwing
  1253 | D:2      | Reached XP level 3. HP: 35/35 MP: 2/2
  1466 | D:2      | Noticed Jessica
  1476 | D:2      | Killed Jessica
  1476 | D:2      | Reached skill level 1 in Short Blades
  1688 | D:2      | Reached XP level 4. HP: 41/42 MP: 3/3
  2123 | D:3      | Noticed a water elemental
  2154 | D:3      | Found a stormy altar of Qazlal.
  2156 | D:3      | Noticed an air elemental
  2157 | D:3      | Noticed a fire elemental
  2157 | D:3      | Noticed an earth elemental
  2164 | D:3      | Became a worshipper of Qazlal Stormbringer
  2258 | D:3      | Noticed Natasha
  2259 | D:3      | Found a bloodstained altar of Trog.
  2262 | D:3      | Killed Natasha
  2310 | D:3      | Paralysed by fainting for 12 turns
  2579 | D:3      | Noticed Ijyb
  2581 | D:3      | Noticed Grinder
  2585 | D:3      | Paralysed by Grinder for 5 turns
  2597 | D:3      | Slain by Ijyb

Skill      XL: |  1  2  3 |
---------------+----------+-----
Throwing       | 4 |  4.7
Short Blades   | 1 |  1.0
Dodging        | 2 |  2.1
Fighting       | |  1.8
Stealth        | |  0.3

Action                   |  1- 3 |  4- 6 || total
-------------------------+-------+-------++-------
Melee: Short sword       |    75 |     5 ||    80
       Rapier            |       |     9 ||     9
Throw: Large rock        |    30 |     6 ||    36
       Throwing net      |     1 |       ||     1
  Eat: Chunk             |     7 |       ||     7
       Bread ration      |     1 |     2 ||     3
       Beef jerky        |       |     1 ||     1
Armor: Robe              |    36 |     6 ||    42
Dodge: Dodged            |    41 |    10 ||    51
